 Dungeon Crawl Stone Soup version 0.28.0-45-g0d030f2227 (webtiles) character file.

Game seed: 6231140516020622465

47 nickcage the Cudgeller (level 3, 0/31 HPs)
             Began as a Minotaur Monk on Apr 12, 2022.
             Slain by Natasha (8 damage)
             ... on level 4 of the Dungeon.
             The game lasted 00:03:56 (1479 turns).

nickcage the Cudgeller (Minotaur Monk)              Turns: 1479, Time: 00:03:56

Health: 0/31       AC:  2    Str: 17    XL:     3   Next: 48%
Magic:  2/2        EV: 12    Int:  7    God:
Gold:   70         SH:  0    Dex: 12    Spells: 2/2 levels left

rFire   . . .      SeeInvis .   d - +3 dagger
rCold   . . .      Faith    .   (no shield)
rNeg    . . .      Spirit   .   b - +0 robe
rPois   .          Reflect  .   (helmet restricted)
rElec   .          Harm     .   (no cloak)
rCorr   .          Rampage  .   (no gloves)
Will    .....                   (no boots)
Stlth   ++........              (no amulet)
HPRegen 0.10/turn               (no ring)
MPRegen 0.08/turn               (no ring)

@: slowed, very slow
A: horns 2, retaliatory headbutt
a: no special abilities


You were on level 4 of the Dungeon.
You visited 1 branch of the dungeon, and saw 3 of its levels.

You collected 70 gold pieces.

Inventory:

Hand Weapons
 a - a +0 mace
 d - a +3 dagger (weapon)
Missiles
 h - 6 poisoned darts (quivered)
Armour
 b - a +0 robe (worn)
Scrolls
 f - a scroll of enchant weapon {unknown}
 j - a scroll of immolation {unknown}
Potions
 c - 2 potions of might {unknown}
 e - 2 potions of heal wounds {unknown}
 g - 2 potions of attraction {unknown}
 i - a potion of curing {unknown}


   Skills:
 - Level 3.6 Fighting
 + Level 5.5 Maces & Flails
 - Level 3.2 Dodging
 - Level 1.5 Stealth


You had 2 spell levels left.
You didn't know any spells.
Your spell library contained the following spells:

 Spells                   Type           Power      Damage    Failure   Level
 Gell's Gravitas          Tloc           0%         N/A       80%         3
 Lesser Beckoning         Tloc           0%         N/A       80%         3
 Teleport Other           Tloc           0%         N/A       80%         3


Dungeon Overview and Level Annotations

Branches:
Dungeon (2/15)

Altars:

Shops:
D:1 [

Annotations:
D:4 Natasha


Innate Abilities, Weirdness & Mutations

You have a pair of horns on your head.
You reflexively headbutt those who attack you in melee.


Message History

You hit Natasha. Your headbutt misses Natasha.
Natasha is lightly wounded.
Natasha casts a spell at you.
You feel yourself slow down.
You hit Natasha.
Natasha is heavily wounded.
Natasha claws you.
You hit Natasha.
Natasha is severely wounded.
Natasha claws you but does no damage.
Natasha casts a spell.
You barely miss Natasha.
Natasha is severely wounded.
Natasha barely misses you. You furiously retaliate!
You headbutt Natasha. You closely miss Natasha.
Natasha is severely wounded.
Natasha casts a spell.
The shadow imp barely misses you. Natasha barely misses you.
You hit Natasha.
Natasha is almost dead.
The shadow imp hits you but does no damage.
Natasha claws you. The shadow imp barely misses you.
You barely miss Natasha.
Natasha is almost dead.
Natasha claws you.
The shadow imp hits you but does no damage.
Natasha misses you. The crimson imp misses you.
You miss Natasha.
Natasha is almost dead.
The shadow imp disappears for a moment.
The shadow imp gestures at you. Pain shoots through your body!
Natasha stares at you and mumbles some strange words.
The magic dart hits you.
The crimson imp blinks!
The shadow imp hits you.
You barely miss Natasha.
Natasha is almost dead.
Natasha claws you. The shadow imp hits you.
* * * LOW HITPOINT WARNING * * *
Natasha claws you!
You die...

....... .. ....... ..
....5.... . #<........
.# #.........###.#
...........#..#
.#.........h.<.###.
............5@.......
.....................
#...................
.##...#..............#
...................###
...............^####
...............##.#
........?...........
...###.....#.##......


You could see Natasha, a crimson imp (summoned) and a shadow imp (summoned).

Vanquished Creatures
  2 dart slugs
  A ball python (D:1)
  3 endoplasms
  2 giant cockroaches
  4 goblins
  6 hobgoblins
  4 jackals (D:1)
  2 kobolds (D:1)
  4 quokkas (D:1)
  3 bats
  A frilled lizard (D:2)
  2 rats
34 creatures vanquished.

Notes
Turn   | Place    | Note
-------+----------+-------------------------------------------
     0 | D:1      | nickcage the Minotaur Monk began the quest for the Orb.
     0 | D:1      | Reached XP level 1. HP: 19/19 MP: 0/0
    83 | D:1      | Reached skill level 4 in Maces & Flails
   281 | D:1      | Reached XP level 2. HP: 26/26 MP: 1/1
   386 | D:1      | Found Loygheass's Armour Emporium.
   393 | D:1      | Found a faded altar of an unknown god.
   837 | D:1      | Reached skill level 5 in Maces & Flails
  1014 | D:1      | Reached XP level 3. HP: 26/31 MP: 2/2
  1451 | D:2      | You fall into a shaft and drop 2 floors!
  1467 | D:4      | Noticed Natasha
  1479 | D:4      | Slain by Natasha

Illustrated notes

Levels and vault maps discovered:
D:1:      dpeg_arrival_ternary, layout_rooms, serial_shops,
          nicolae_shop_statue_plus, basic_ecumenical_altar, chequers_jeans,
          minmay_misc_feat_diagonals, kennysheep_minor_cross
D:2:      layout_rooms, grunt_ministairs_7, hangedman_decor_riveting,
          dk_noncrumbling_3, kennysheep_generic_room_6
D:4:      layout_cave_pools, xom_redecorated, jmf_multi_god_temple,
          minmay_temple_entry_arrows, enter_ossuary_1, st_stairs_5,
          minmay_hedge_maze, grunt_decor_one_mirror, nicolae_shop_dragon_depot,
          kennysheep_generic_room_10, uniq_natasha

Skill      XL: |  1  2 |
---------------+-------+-----
Maces & Flails | 4 5 |  5.5
Fighting       | |  3.6
Dodging        | |  3.2
Stealth        | |  1.5

Action                   || total
-------------------------++-------
Melee: Mace              ||     9
       Dagger            ||    87
       Headbutt          ||    12
       Punch             ||     1
 Stab: Sleeping          ||     4
Armor: Robe              ||    21
Dodge: Dodged            ||    51
